 Dungeon Crawl Stone Soup version 0.28.0 (webtiles) character file.

Game seed: 13717864681695594508

18557 HallandMoats the Fighter (level 12, -5/110 HPs)
             Began as a Demonspawn Monk on Feb 6, 2022.
             Was the Champion of Jiyva.
             Slain by a komodo dragon (28 damage)
             ... on level 3 of the Lair of Beasts.
             The game lasted 00:16:26 (13071 turns).

HallandMoats the Fighter (Demonspawn Monk)         Turns: 13071, Time: 00:16:27

Health: -5/110     AC: 11    Str: 15    XL:     12   Next: 28%
Magic:  19/19      EV: 17    Int: 12    God:    Jiyva [******]
Gold:   818        SH:  5    Dex: 15    Spells: 11/11 levels left

rFire   . . .      SeeInvis +     - Unarmed
rCold   . . .      Faith    .   (no shield)
rNeg    + + .      Spirit   .   G - +3 troll leather armour {Snorg}
rPois   +          Reflect  +   l - +2 helmet
rElec   .          Harm     .   q - scarf {repulsion}
rCorr   +          Rampage  .   (no gloves)
rMut    +                       (no boots)
Will    +....                   m - amulet of reflection
Stlth   +++.......              n - ring of see invisible
HPRegen 2.68/turn               z - ring "Zurerias" {*Corrode Fly rPois rN++ Will+}
MPRegen 0.66/turn

@: flying, repel missiles
A: hooves 1, spiny 2, mutation resistance 3, robust 1, weak 1, acidic bite,
gelatinous body 2, pseudopods 3, translucent skin 1, engulf
a: Renounce Religion, Oozemancy, Slimify


You were on level 3 of the Lair of Beasts.
You worshipped Jiyva.
Jiyva was exalted by your worship.
You visited 3 branches of the dungeon, and saw 15 of its levels.

You collected 818 gold pieces.

Inventory:

Hand Weapons
 a - a +3 hand axe of flaming
Armour
 c - a +0 kite shield
 k - the +6 leather armour of Fedhas's Grace {Contam Int+2 Stlth+}
   (You found it on level 2 of the Dungeon)

   Int:       It affects your intelligence (+2).
   Contam:    It causes magical contamination when unequipped.
   Stlth:     It makes you more stealthy.
 l - a +2 helmet (worn)
 q - a scarf of repulsion (worn)
 G - a +3 troll leather armour (worn) {Snorg}
Jewellery
 m - an amulet of reflection (around neck)
 n - a ring of see invisible (left hand)
 z - the ring "Zurerias" (right hand) {*Corrode Fly rPois rN++ Will+}
   (You found it on level 8 of the Dungeon)

   [ring of flight]

   rPois:     It protects you from poison.
   rN:        It greatly protects you from negative energy.
   Fly:       It grants you flight.
   *Corrode:  It may corrode you when you take damage.
   Will:      It increases your willpower.
 E - an amulet of guardian spirit
Wands
 b - a wand of iceblast (7)
 e - a wand of flame (8)
 x - a wand of digging (3)
 y - a wand of paralysis (14)
 I - a wand of charming (1)
Scrolls
 f - 2 scrolls of enchant armour
 h - a scroll of brand weapon
 i - 4 scrolls of teleportation
 r - 10 scrolls of identify
 s - 2 scrolls of enchant weapon
 t - 2 scrolls of magic mapping
 u - 3 scrolls of fog
 A - a scroll of fear
Potions
 d - 3 potions of magic
 g - 2 potions of heal wounds {unknown}
 j - a potion of might {unknown}
 o - 2 potions of resistance {unknown}
 p - a potion of brilliance {unknown}
 v - 5 potions of haste {unknown}
 w - a potion of attraction {unknown}
 B - 2 potions of degeneration {unknown}
 D - 2 potions of curing {unknown}
 F - a potion of flight {unknown}
 H - a potion of lignification {unknown}
Miscellaneous
 C - a phantom mirror


   Skills:
 * Level 11.4 Fighting
 + Level 7.1 Armour
 + Level 7.7 Dodging
 - Level 1.7 Stealth
 * Level 10.5 Unarmed Combat
 + Level 10.0 Invocations


You had 11 spell levels left.
You didn't know any spells.
Your spell library contained the following spells:

 Spells                   Type           Power      Damage    Failure   Level
 Shock                    Conj/Air       0%         1d3       36%         1
 Corpse Rot               Necr/Air       0%         N/A       52%         2
 Ensorcelled Hibernation  Hex/Ice        0%         N/A       52%         2
 Passwall                 Tmut/Erth      0%         N/A       52%         2
 Poisonous Vapours        Pois/Air       0%         N/A       52%         2
 Sublimation of Blood     Necr           0%         N/A       52%         2
 Spider Form              Tmut/Pois      0%         N/A       75%         3
 Swiftness                Air            0%         N/A       75%         3
 Airstrike                Air            0%         N/A       98%         4
 Anguish                  Hex/Necr       0%         N/A       98%         4
 Petrify                  Tmut/Erth      0%         N/A       98%         4
 Fireball                 Conj/Fire      0%         3d3       100%        5
 Irradiate                Conj/Tmut      0%         3d14      100%        5
 Iskenderun's Battlesphe  Conj           0%         2d6       100%        5
 Conjure Ball Lightning   Conj/Air       0%         3x3d6     100%        6
 Orb of Destruction       Conj           0%         9d5       100%        7


Dungeon Overview and Level Annotations

Branches:
Dungeon (11/15)            Temple (1/1) D:5            Lair (3/6) D:8
  Swamp (0/4) Lair:2          Orc (0/2) D:9
  Snake: Lair:2-4    Spider: Lair:2-4

Altars:
Ashenzari
Cheibriados
Dithmenos
Elyvilon
Fedhas
Gozag
Hepliaklqana
Kikubaaqudgha
Makhleb
Nemelex Xobeh
Okawaru
Qazlal
Ru
Sif Muna
Trog
Uskayaw
Vehumet
Wu Jian
Xom
Yredelemnul
Zin
The Shining One
Jiyva

Shops:
D:3 :   D:10 :   D:11 *


Innate Abilities, Weirdness & Mutations

You have large cloven feet.
You are mostly covered in sharp spines.
You are almost entirely resistant to further mutation and mutation removal.
You are robust. (+10% HP)
You are weak. (Str -2)
You have acidic saliva.
Your pliable body absorbs attacks. (AC +2, EV +2)
Armour fits poorly on your massive pseudopods.
Your translucent skin slightly reduces your foes' accuracy. (Stealth+)
Your melee attacks may engulf your foes in ooze.


Message History

The six-headed hydra closely misses you.
The six-headed hydra bites you. The six-headed hydra bites you!
The six-headed hydra is struck by your spines.
The six-headed hydra bites you! The six-headed hydra barely misses you.
The six-headed hydra bites you.
The six-headed hydra bites you but does no damage.
You block the six-headed hydra's attack.
The six-headed hydra completely misses you.
The six-headed hydra is struck by your spines.
The six-headed hydra completely misses you.
The six-headed hydra bites you! x2
The six-headed hydra closely misses you.
The six-headed hydra bites you.
The six-headed hydra bites you but does no damage.
The six-headed hydra misses you.
The six-headed hydra bites you but does no damage.
The six-headed hydra bites you!
* * * LOW HITPOINT WARNING * * *
The six-headed hydra bites you!
* * * LOW HITPOINT WARNING * * *
The six-headed hydra closely misses you.
The six-headed hydra bites you.
* * * LOW HITPOINT WARNING * * *
As you read the scroll of fear, it crumbles to dust.
You assume a fearsome visage.
The catoblepas resists with almost no effort.
The six-headed hydra looks frightened!
You block the catoblepas's attack.
As you read the scroll of teleportation, it crumbles to dust.
You feel strangely unstable. The catoblepas gores you!!
* * * LOW HITPOINT WARNING * * *
The catoblepas breathes a plume of calcifying dust at you.
The blast of calcifying dust hits you.
* * * LOW HITPOINT WARNING * * *
Your surroundings suddenly seem different.
A komodo dragon comes into view.
The komodo dragon hisses angrily.
A boulder beetle comes into view.
The boulder beetle moves out of view.
The komodo dragon bites you!!
You die...

###...............###........
#......##....P#..#........##
##......#....................
##.........##......PP.......#
##.......#.##.............#.#
........................### #
.......................##
.D...^................##
............##>l@....##
.......P...........#.#
.#....>..######B....##
.......P§# .....## .........#
#....## .......... ....##
........ ...### .... ####


You could see a boulder beetle and a komodo dragon.

Vanquished Creatures
  Snorg (D:11)
  2 two-headed ogres
  Sonja (D:10)
  Joseph (D:7)
  6 cane toads
  A rime drake (Lair:3)
  2 komodo dragons
  A polar bear (Lair:1)
  A troll (D:11)
  A hornet (D:8)
  Prince Ribbit (Lair:1)
  3 blink frogs (Lair:1)
  Grinder (D:5)
  2 vampires (D:10)
  A shadow (D:11)
  A wyvern (D:8)
  25 yaks
  The ghost of YungCoward the Chopper, an amateur HOBe of Trog (D:6)
  A basilisk (Lair:3)
  A steam dragon (D:8)
  An acid dragon (D:9)
  4 water moccasins
  3 orc warriors
  3 ogres
  A black bear (Lair:1)
  A necrophage (D:5)
  17 wolves
  3 centaurs
  3 phantoms
  8 bullfrogs
  3 scorpions
  A gnoll sergeant (D:9)
  A wyvern skeleton (D:6)
  9 killer bees
  A howler monkey (D:8)
  5 wights (D:10)
  A crimson imp (D:4)
  4 centaur zombies
  3 hounds
  4 orc priests (D:6)
  Crazy Yiuf (D:5)
  A bullfrog skeleton (D:6)
  2 iguanas
  A scorpion zombie (D:3)
  4 orc wizards
  4 gnolls (D:9)
  6 adders
  A shadow imp (D:6)
  4 white imps
  An adder zombie (D:3)
  A worm (D:2)
  3 dart slugs
  22 orcs
  A bat (D:1)
  6 endoplasms
  A giant cockroach (D:2)
  7 goblins
  7 hobgoblins
  3 quokkas
  10 ball pythons
  A ball python zombie (D:3)
  4 frilled lizards (D:1)
  4 kobolds
  2 rats
227 creatures vanquished.

Vanquished Creatures (collateral kills)
  Gastronok (Lair:1)
  Maggie (D:10)
  A komodo dragon (Lair:2)
  A tyrant leech (Lair:2)
  A swamp worm (Lair:2)
5 creatures vanquished.

Vanquished Creatures (others)
  An unseen horror (D:10)
  A wyvern (Lair:3)
  A yak (Lair:3)
  A water moccasin (Lair:3)
  A kobold brigand (D:8)
  A bullfrog (D:7)
  A killer bee (D:8)
  33 jellies
  An orc (D:8)
  3 kobolds (D:8)
  17 fungi
  47 plants
108 creatures vanquished.

Grand Total: 340 creatures vanquished

Notes
Turn   | Place    | Note
-------+----------+-------------------------------------------
     0 | D:1      | HallandMoats the Demonspawn Monk began the quest for the
                  | Orb.
     0 | D:1      | Reached XP level 1. HP: 18/18 MP: 1/1
   557 | D:1      | Gained mutation: You are partially covered in sharp spines.
                  | [demonic ancestry]
   557 | D:1      | Reached XP level 2. HP: 11/24 MP: 2/2
  1548 | D:2      | Reached skill level 1 in Invocations
  1553 | D:2      | Found a faded altar of an unknown god.
  1578 | D:2      | Gained mutation: You are mostly covered in sharp spines.
                  | [demonic ancestry]
  1578 | D:2      | Reached XP level 3. HP: 16/29 MP: 3/3
  1741 | D:2      | Reached skill level 1 in Armour
  1741 | D:2      | Reached XP level 4. HP: 33/36 MP: 3/5
  2326 | D:2      | Identified the +6 leather armour of Fedhas's Grace {Contam
                  | Int+2 Stlth+}
  2690 | D:3      | Found Seop's Book Boutique.
  3037 | D:3      | Found a basalt altar of Yredelemnul.
  3178 | D:3      | Found a sacrificial altar of Ru.
  3531 | D:4      | Noticed a phantom
  3605 | D:4      | Gained mutation: You have large cloven feet. [demonic
                  | ancestry]
  3605 | D:4      | Reached XP level 5. HP: 42/42 MP: 6/6
  3634 | D:4      | Reached skill level 4 in Fighting
  3694 | D:4      | Noticed an ogre
  3812 | D:4      | Killed an ogre
  3813 | D:4      | Reached XP level 6. HP: 40/49 MP: 6/8
  4665 | D:4      | Reached XP level 7. HP: 54/55 MP: 9/9
  4708 | D:5      | Entered Level 5 of the Dungeon
  4913 | D:5      | Reached skill level 5 in Fighting
  4965 | D:5      | Noticed Grinder
  4982 | D:5      | Paralysed by Grinder for 4 turns
  4993 | D:5      | Killed Grinder
  5267 | D:5      | Found a staircase to the Ecumenical Temple.
  5305 | D:5      | Found a runed translucent door.
  5306 | D:5      | Noticed Crazy Yiuf
  5345 | D:5      | Noticed a yak
  5345 | D:5      | Noticed a yak
  5345 | D:5      | Noticed a yak
  5345 | D:5      | Noticed a yak
  5345 | D:5      | Noticed a yak
  5346 | D:5      | Noticed a yak
  5386 | D:4      | Killed a yak
  5387 | D:4      | Reached skill level 5 in Unarmed Combat
  5609 | D:4      | Killed a yak
  5610 | D:4      | Reached XP level 8. HP: 56/64 MP: 11/11
  5616 | D:4      | Reached skill level 6 in Fighting
  5635 | D:5      | Found a shimmering altar of Xom.
  5978 | D:5      | Reached skill level 5 in Invocations
  6249 | D:5      | Killed Crazy Yiuf
  6377 | D:6      | Reached XP level 9. HP: 63/71 MP: 13/13
  6445 | Temple   | Entered the Ecumenical Temple
  6536 | Temple   | Became a worshipper of Jiyva Juol the Shapeless
  6536 | Temple   | Reached * piety under Jiyva
  6536 | Temple   | Reached ** piety under Jiyva
  6589 | D:6      | Reached skill level 7 in Fighting
  6679 | D:6      | Reached skill level 5 in Dodging
  6964 | D:6      | Found a runed translucent door.
  6965 | D:6      | Noticed YungCoward's ghost (amateur HOBe)
  7276 | D:6      | Killed YungCoward's ghost
  7358 | D:7      | Found a bloodstained altar of Trog.
  7421 | D:7      | Reached *** piety under Jiyva
  7422 | D:7      | Found an ancient bone altar of Kikubaaqudgha.
  7457 | D:7      | Gained mutation: Your melee attacks may engulf your foes in
                  | ooze. [Jiyva's grace]
  7457 | D:7      | Gained mutation: Your translucent skin slightly reduces
                  | your foes' accuracy. (Stealth+) [Jiyva's grace]
  7457 | D:7      | Gained mutation: Your translucent skin reduces your foes'
                  | accuracy. (Stealth+) [Jiyva's grace]
  7457 | D:7      | Gained mutation: Your transparent skin significantly
                  | reduces your foes' accuracy. (Stealth+) [Jiyva's grace]
  7474 | D:7      | Identified the +6 ring mail "Liticw" {+Blink Regen+ Str-4}
  7479 | D:7      | Noticed Joseph
  7492 | D:7      | Killed Joseph
  7506 | D:7      | Identified the +1 mace "Etoplaan" {venom, Int+3}
  7740 | D:7      | Reached **** piety under Jiyva
  7787 | D:8      | Reached skill level 8 in Fighting
  7849 | D:8      | Noticed a komodo dragon
  7855 | D:8      | Found a staircase to the Lair.
  7898 | D:8      | Killed a komodo dragon
  8038 | D:8      | Reached XP level 10. HP: 74/81 MP: 15/15
  8144 | D:8      | Reached skill level 5 in Armour
  8155 | D:8      | Found an ornate altar of the Wu Jian Council.
  8160 | D:8      | Identified the ring "Zurerias" {*Corrode Fly rPois rN++
                  | Will+}
  8345 | D:8      | Found a hazy altar of Hepliaklqana.
  8873 | D:9      | Found a staircase to the Orcish Mines.
  8876 | D:9      | Noticed a two-headed ogre
  8888 | D:9      | Killed a two-headed ogre
  8889 | D:9      | Reached skill level 9 in Fighting
  9048 | D:9      | Reached ***** piety under Jiyva
  9109 | D:9      | Found a sparkling altar of Nemelex Xobeh.
  9356 | D:10     | Entered Level 10 of the Dungeon
  9356 | D:10     | Found Quckueci's Book Boutique.
  9407 | D:10     | Found an opulent altar of Gozag.
  9468 | D:10     | Noticed Maggie
  9493 | D:10     | Killed Maggie
  9556 | D:10     | Lost mutation: Your transparent skin significantly reduces
                  | your foes' accuracy. (Stealth+) [Jiyva's grace]
  9556 | D:10     | Gained mutation: Your rubbery body absorbs attacks. (AC +1,
                  | EV +1) [Jiyva's grace]
  9556 | D:10     | Gained mutation: Your pliable body absorbs attacks. (AC +2,
                  | EV +2) [Jiyva's grace]
  9556 | D:10     | Gained mutation: Your gelatinous body deflects attacks. (AC
                  | +3, EV +3) [Jiyva's grace]
  9556 | D:10     | Gained mutation: You are covered in slimy tendrils that may
                  | disarm your opponents. [Jiyva's grace]
  9641 | D:10     | Noticed Sonja
  9667 | D:10     | Killed Sonja
  9887 | D:10     | Found a faded altar of an unknown god.
  9887 | D:10     | Found a faded altar of an unknown god.
  9895 | D:10     | Found a hide-covered altar of Uskayaw.
  9897 | D:10     | Found a shimmering blue altar of Sif Muna.
  9899 | D:10     | Found a shadowy altar of Dithmenos.
 10110 | D:11     | Noticed a two-headed ogre
 10118 | D:11     | Killed a two-headed ogre
 10119 | D:11     | Reached XP level 11. HP: 88/90 MP: 17/17
 10319 | D:11     | Found Feixtiwa's Mayhem Merchandise.
 10344 | D:11     | Reached skill level 10 in Fighting
 10424 | D:11     | Reached ****** piety under Jiyva
 10453 | D:11     | Found a shadowy altar of Dithmenos.
 10520 | D:11     | Noticed Snorg
 10539 | D:11     | Killed Snorg
 10580 | D:11     | Gained mutation: Armour fits poorly on your pseudopods.
                  | [Jiyva's grace]
 10580 | D:11     | Gained mutation: Armour fits poorly on your large
                  | pseudopods. [Jiyva's grace]
 10580 | D:11     | Gained mutation: Armour fits poorly on your massive
                  | pseudopods. [Jiyva's grace]
 10580 | D:11     | Gained mutation: You are robust. (+10% HP) [Jiyva's grace]
 11015 | D:11     | Gained mutation: You are weak. (Str -2) [mutagenic glow]
 11117 | Lair:1   | Entered Level 1 of the Lair of Beasts
 11338 | Lair:1   | Found a radiant altar of Vehumet.
 11359 | Lair:1   | Noticed Prince Ribbit
 11373 | Lair:1   | Killed Prince Ribbit
 11450 | Lair:1   | Noticed Gastronok
 11458 | Lair:1   | Killed Gastronok
 11934 | Lair:2   | Lost mutation: Your gelatinous body deflects attacks. (AC
                  | +3, EV +3) [Jiyva's grace]
 11934 | Lair:2   | Lost mutation: Your translucent skin reduces your foes'
                  | accuracy. (Stealth+) [Jiyva's grace]
 11934 | Lair:2   | Lost mutation: You are covered in slimy tendrils that may
                  | disarm your opponents. [Jiyva's grace]
 11934 | Lair:2   | Gained mutation: You have acidic saliva. [Jiyva's grace]
 11934 | Lair:2   | Gained mutation: You are somewhat resistant to further
                  | mutation. [Jiyva's grace]
 11934 | Lair:2   | Gained mutation: You are somewhat resistant to both further
                  | mutation and mutation removal. [Jiyva's grace]
 11934 | Lair:2   | Gained mutation: You are almost entirely resistant to
                  | further mutation and mutation removal. [Jiyva's grace]
 12026 | Lair:2   | Found a staircase to the Swamp.
 12040 | Lair:2   | Reached skill level 10 in Unarmed Combat
 12529 | Lair:2   | Reached skill level 11 in Fighting
 12786 | Lair:3   | Reached XP level 12. HP: 108/110 MP: 19/19
 12983 | Lair:3   | Reached skill level 10 in Invocations
 13043 | Lair:3   | Noticed a catoblepas
 13049 | Lair:3   | Noticed a six-headed hydra
 13063 | Lair:3   | HP: 5/110 [catoblepas (26)]
 13069 | Lair:3   | Noticed a boulder beetle
 13071 | Lair:3   | Slain by a komodo dragon

Illustrated notes

Levels and vault maps discovered:
D:1:      dpeg_arrival_chambers_temple_mockup, layout_basic,
          minmay_misc_feat_enclosed
D:2:      layout_basic, hellmonk_ecumenical_altar_lost_god, minmay_hexomino_r4
D:3:      layout_basic, nicolae_yredelemnul_corpse_copse,
          nicolae_ru_path_of_blood, serial_shops, shop
D:4:      layout_cave_pools, serial_bayou, serial_bayou_pond_b,
          serial_bayou_pond_d, serial_bayou_crossing, serial_bayou_ford_a,
          hangedman_decor_growths, minmay_fire_ice_demons
D:5:      layout_rooms, xom_butterflies, minmay_temple_entry_enclosed_plants,
          nicolae_figureground_pulse, uniq_crazy_yiuf_cottage, uniq_grinder
D:6:      layout_basic, ebering_ghost_reflecting_pool
D:7:      layout_cave_pools, mainiacjoe_overflow_alcove_1, lemuel_crystal_altar,
          chequers_serial_rivers_micro_d, uniq_joseph
D:8:      layout_rooms, old_standard_altar, nicolae_hepliaklqana_hippocampus,
          david_lair_shrubbed, st_stairs_3
D:9:      layout_roguey, nemelex_spade_bored_becter,
          nicolae_tso_carved_into_rock, orc_0_dummy
D:10:     layout_irregular_city, grunt_gozag_breadcrumbs,
          chequers_temple_overflow_minitemple, serial_shops,
          nicolae_shop_advertising_works [nicolae_subvault_shop_adworks],
          minmay_misc_feat_nine_boxes, lemuel_flamethrower_1, uniq_maggie,
          uniq_sonja
D:11:     layout_basic, minmay_shop_mayhem, grunt_dithmenos_shadows, uniq_snorg
Temple:   pf_slimified_temple
Lair:1:   layout_gridlike, basic_altar, chequers_serial_rivers_room_b,
          uniq_prince_ribbit2, uniq_gastronok
Lair:2:   layout_hall_layers, minmay_swamp_entry_worms
Lair:3:   layout_misc_corridors, nzn_random_ring, grunt_megastairs_3

Skill      XL: |  1  2  3  4  5  6  7  8  9 10 11 12 |
---------------+-------------------------------------+-----
Unarmed Combat | 3 4 5 6 7 8 10 | 10.5
Invocations    | 1 2 3 4 5 6 8 9 10 | 10.0
Armour         | 1 2 3 4 5 6 7 |  7.1
Dodging        | 3 4 5 6 7 |  7.7
Fighting       | 4 5 6 8 9 11 | 11.4
Stealth        | |  1.7

Action                   |  1- 3 |  4- 6 |  7- 9 | 10-12 || total
-------------------------+-------+-------+-------+-------++-------
Melee: Unarmed           |    79 |   146 |   264 |   396 ||   885
       Punch             |     3 |     2 |    16 |    26 ||    47
       Kick              |       |    27 |    93 |   151 ||   271
       Pseudopods        |       |       |       |    47 ||    47
       Bite              |       |       |       |    19 ||    19
  Use: Scroll            |       |       |    12 |     3 ||    15
 Stab: Sleeping          |     2 |     7 |     4 |    10 ||    23
       Distracted        |       |     1 |       |       ||     1
Armor: Robe              |     9 |       |       |       ||     9
       Leather armour    |       |    24 |    48 |    57 ||   129
       Troll leather arm |       |       |       |    42 ||    42
Dodge: Dodged            |    44 |    53 |   122 |   384 ||   603
       Repelled          |       |       |     3 |     1 ||     4
Block: Other             |       |    19 |    51 |    98 ||   168
       Reflection        |       |       |     2 |     2 ||     4
